 Dungeon Sprint DCSS version 0.30.1-4-g462c640d31 (webtiles) character file.

Game seed: 11630995477023250840

439 Heoruswealwe the Cleaver (level 7, -2/69 HPs)
             Began as a Hill Orc Fighter on Sept 4, 2023.
             Was the Champion of Zin.
             Slain by Sonja
             ... wielding a +4 dagger of venom
              (7 damage)
             ... in the Dungeon (Sprint I: "Red Sonja").
             The game lasted 00:03:59 (285 turns).

Heoruswealwe the Cleaver (Hill Orc Fighter)          Turns: 285, Time: 00:04:01

Health: -2/69      AC: 10    Str: 21    XL:     7   Next: 1%
Magic:  13/13      EV:  8    Int:  8    God:    Zin [******]
Gold:   316        SH:  5    Dex: 10    Spells: 6/6 levels left

rFire   . . .        a - +0 war axe
rCold   . . .        d - +0 buckler
rNeg    . . .        c - +0 chain mail
rPois   .            (no helmet)
rElec   .            (no cloak)
rCorr   .            (no gloves)
SInv    .            (no boots)
Will    .....        (no amulet) Stlth
                     (no ring)
HPRegen 0.31/turn    (no ring)
MPRegen 0.13/turn

%: no teleportation
@: lethally poisoned (-2 -> -62)
A: no striking features
a: Renounce Religion, Recite, Vitalisation, Imprison, Sanctuary, Donate Gold


You were in the Dungeon.
You worshipped Zin.
Zin was exalted by your worship.
You visited 1 branch You collected 351 gold pieces.
You donated 35 gold pieces to Zin.

Inventory:

Hand Weapons
 a - a +0 war axe (weapon)
Armour
 c - a +0 chain mail (worn)
 d - a +0 buckler (worn)
Wands
 k - a wand of digging (3)
Scrolls
 h - 2 scrolls of identify {unknown}
 j - a scroll of blinking
Potions
 b - a potion of might
 e - a potion of curing
 g - a potion of haste


   Skills:
 + Level 8.6 Fighting
 + Level 8.9 Axes
 + Level 7.8 Armour
 + Level 7.8 Shields
 + Level 8.3 Invocations


You had 6 spell levels left.
You didn't know any spells.
Your spell library was empty.

Dungeon Overview and Level Annotations

Branches:
Dungeon (1/1)

Altars:
Cheibriados
Dithmenos
Elyvilon
Fedhas
Gozag
Hepliaklqana
Kikubaaqudgha
Nemelex Xobeh
Okawaru
Qazlal
Ru
Sif Muna
Trog
Uskayaw
Vehumet
Wu Jian
Yredelemnul
Zin
The Shining One

Shops:
D !

Annotations:
D Sonja


Message History

Sonja hits you but does no damage.
You are more poisoned.
Sonja hits you with a +4 dagger of venom.
You miss Sonja.
You feel extremely sick.
Sonja hits you with a +4 dagger of venom.
You are more poisoned.
Sonja barely misses you. You block Sonja's attack.
You barely miss Sonja.
You feel extremely sick. You block Sonja's attack.
Sonja hits you with a +4 dagger of venom.
* * * LOW HITPOINT WARNING * * *
You are more poisoned.
Sonja hits you with a +4 dagger of venom.
* * * LOW HITPOINT WARNING * * *
You are more poisoned.
Sonja hits you with a +4 dagger of venom!
* * * LOW HITPOINT WARNING * * *
Sonja hits you with a +4 dagger of venom.
* * * LOW HITPOINT WARNING * * *
You are more poisoned.
Sonja completely misses you.
You feel much better.
* * * LOW HITPOINT WARNING * * *
You feel extremely sick.
Sonja hits you with a +4 dagger of venom.
* * * LOW HITPOINT WARNING * * *
You are more poisoned.
You block Sonja's attack.
Sonja hits you with a +4 dagger of venom.
* * * LOW HITPOINT WARNING * * *
You are more poisoned.
You slash Sonja!
Sonja is heavily wounded.
Zin protects you from harm! Sonja misses you. You block Sonja's attack.
Sonja hits you but does no damage. You block Sonja's attack.
Sonja hits you but does no damage.
Sonja hits you with a +4 dagger of venom!
You die...

################
#<.#..)..#.)'..#
#..!..#..'..#..+
#..#####'#####'#
#..####..#...#.#
#..#__####..##.#
#..#_____##'#_.+
#⌠⌠#_.∩...'.K._#
##.#_..__##_@#'#
#..#_____###'#[#
########## #.###
$.$ $.$ ##.##
#+#


You could see Sonja.

Vanquished Creatures
  Sigmund (D)
  A yak (D)
  An ogre (D)
  A jelly (D)
  Ijyb (D)
5 creatures vanquished.

Notes
Turn   | Place    | Note
-------+----------+-------------------------------------------
     0 | D        | Heoruswealwe the Hill Orc Fighter began the quest for the
                  | Orb.
     0 | D        | Reached XP level 1. HP: 19/19 MP: 1/1
     1 | D        | Noticed Ijyb
    13 | D        | Killed Ijyb
    14 | D        | Reached XP level 2. HP: 18/28 MP: 1/4
    14 | D        | Reached XP level 3. HP: 21/34 MP: 1/5
   164 | D        | Noticed an ogre
   168 | D        | Killed an ogre
   169 | D        | Reached skill level 5 in Armour
   169 | D        | Reached skill level 5 in Shields
   169 | D        | Reached skill level 5 in Invocations
   169 | D        | Reached XP level 4. HP: 44/44 MP: 5/7
   172 | D        | Noticed Sigmund
   185 | D        | Killed Sigmund
   186 | D        | Reached XP level 5. HP: 48/52 MP: 7/10
   186 | D        | Reached XP level 6. HP: 56/60 MP: 7/11
   214 | D        | Found an ornate altar of the Wu Jian Council.
   214 | D        | Found a shimmering blue altar of Sif Muna.
   216 | D        | Found a radiant altar of Vehumet.
   256 | D        | Found Faotassa's Distillery.
   256 | D        | Found an ancient bone altar of Kikubaaqudgha.
   256 | D        | Found a hazy altar of Hepliaklqana.
   256 | D        | Found a stormy altar of Qazlal.
   256 | D        | Found a hide-covered altar of Uskayaw.
   256 | D        | Found a blossoming altar of Fedhas.
   256 | D        | Found a bloodstained altar of Trog.
   256 | D        | Found an iron altar of Okawaru.
   256 | D        | Found a basalt altar of Yredelemnul.
   256 | D        | Found a glowing golden altar of the Shining One.
   256 | D        | Found a snail-covered altar of Cheibriados.
   256 | D        | Found a sacrificial altar of Ru.
   256 | D        | Found a glowing silver altar of Zin.
   256 | D        | Found a shadowy altar of Dithmenos.
   256 | D        | Found a white marble altar of Elyvilon.
   256 | D        | Noticed a yak
   263 | D        | Killed a yak
   264 | D        | Reached XP level 7. HP: 69/69 MP: 11/13
   264 | D        | Found an opulent altar of Gozag.
   265 | D        | Found a sparkling altar of Nemelex Xobeh.
   270 | D        | Became a worshipper of Zin the Law-Giver
   270 | D        | Reached * piety under Zin
   270 | D        | Reached ** piety under Zin
   270 | D        | Reached *** piety under Zin
   270 | D        | Reached **** piety under Zin
   270 | D        | Reached ***** piety under Zin
   270 | D        | Reached ****** piety under Zin
   279 | D        | Noticed Sonja
   283 | D        | HP: 1/69 [Sonja/+4 dagger of venom (6)]
   285 | D        | Zin protects you from harm!
   285 | D        | Slain by Sonja

Illustrated notes

Levels and vault maps discovered:
D:        dungeon_sprint_1 [red_sonja_temple_1, red_sonja_temple_small_1]

Skill      XL: |  1  2  3  4  5  6 |
---------------+-------------------+-----
Fighting       | 4 6 7 8 |  8.6
Axes           | 4 6 7 8 |  8.9
Armour         | 4 5 6 7 |  7.8
Shields        | 4 5 6 7 |  7.8
Invocations    | 3 5 7 8 |  8.3

Action                     |  1- 3 |  4- 6 |  7- 9 || total
---------------------------+-------+-------+-------++-------
  Melee: War axe           |    14 |    14 |     5 ||    33
  Evoke: Wand              |     1 |       |       ||     1
    Use: Potion            |     1 |       |     1 ||     2
 Armour: Scale mail        |     6 |     6 |       ||    12
         Chain mail        |       |     2 |     6 ||     8
  Dodge: Dodged            |     4 |     7 |     4 ||    15
  Block: Buckler           |     2 |     3 |     6 ||    11
